 Dungeon Crawl Stone Soup version 0.29-a0-72-g1732ff48e7 (webtiles) character file.

Game seed: 7586410024976494624

371 Zankyou the Magician (level 6, -12/32 HPs)
             Began as a Deep Elf Fire Elementalist on Feb 4, 2022.
             Mangled by Pikel (14 damage)
             ... on level 4 of the Dungeon.
             The game lasted 00:04:30 (4198 turns).

Zankyou the Magician (Deep Elf Fire Elementalist)   Turns: 4198, Time: 00:04:30

Health: -12/32     AC:  4    Str:  5    XL:     6   Next: 42%
Magic:  5/16       EV: 13    Int: 22    God:
Gold:   189        SH:  0    Dex: 15    Spells: 5/15 levels left

rFire   . . .      SeeInvis .   a - +2 dagger (vamp)
rCold   . . .      Faith    .   (no shield)
rNeg    . . .      Spirit   .   b - +0 robe
rPois   .          Reflect  .   (no helmet)
rElec   .          Harm     .   g - +0 cloak
rCorr   .          Rampage  .   j - +0 pair of gloves
Will    .....                   (no boots)
Stlth   +++.......              (no amulet)
HPRegen 0.10/turn               (no ring)
MPRegen 0.15/turn               (no ring)

@: studying Evocations
A: no striking features
a: no special abilities


You were on level 4 of the Dungeon.
You visited 1 branch of the dungeon, and saw 5 of its levels.

You collected 189 gold pieces.

Inventory:

Hand Weapons
 a - a +2 vampiric dagger (weapon)
Armour
 b - a +0 robe (worn)
 g - a +0 cloak (worn)
 j - a +0 pair of gloves (worn)
Scrolls
 c - a scroll of enchant weapon {unknown}
 d - a scroll of fear {unknown}
 i - 2 scrolls of brand weapon {unknown}
 k - a scroll of identify {unknown}
 l - a scroll of enchant armour {unknown}
 m - a scroll of amnesia {unknown}
 n - a scroll of noise {unknown}
Potions
 e - a potion of haste {unknown}
 f - a potion of heal wounds {unknown}
 h - 5 potions of curing {unknown}


   Skills:
 + Level 3.9 Dodging
 + Level 3.9 Stealth
 * Level 5.3 Spellcasting
 + Level 2.6 Conjurations
 * Level 5.2 Fire Magic


You had 5 spell levels left.
You knew the following spells:

 Your Spells              Type           Power      Damage    Failure   Level
a - Foxfire               Conj/Fire      92%        2x1d8     1%          1
b - Scorch                Fire           58%        2d8       1%          2
c - Inner Flame           Hex/Fire       17%        N/A       10%         3
d - Flame Wave            Conj/Fire      23%        2d7       19%         4

Your spell library contained the following spells:

 Spells                   Type           Power      Damage    Failure   Level
 Conjure Flame            Conj/Fire      23%        6-21      6%          3
 Ensorcelled Hibernation  Hex/Ice        10%        N/A       14%         2
 Spider Form              Tmut/Pois      5%         N/A       28%         3
 Anguish                  Hex/Necr       2%         N/A       67%         4


Dungeon Overview and Level Annotations

Branches:
Dungeon (5/15)
 Temple: D:4-7

Altars:
Yredelemnul

Shops:
D:3 [

Annotations:
D:4 Pikel


Message History

Pikel is lightly wounded.
Pikel's fire resistance burns away.
Pikel says, "I just want to get paid!"
Pikel barely misses you.
Casting: Scorch (safe; 1% risk of failure)
Confirm with . or Enter, or press ? or * to list all spells.
Flames lash Pikel.
Pikel is burned terribly!
Pikel is moderately wounded.
Pikel hits you with a +1 whip of electrocution.
You are electrocuted!
Unknown command.
Casting: Scorch (safe; 1% risk of failure)
Confirm with . or Enter, or press ? or * to list all spells.
Flames lash Pikel.
Pikel is burned terribly!
Pikel is moderately wounded.
Pikel barely misses you.
Unknown command.
Casting: Scorch (safe; 1% risk of failure)
Confirm with . or Enter, or press ? or * to list all spells.
Flames lash Pikel.
Pikel is burned terribly!
Pikel is heavily wounded.
Pikel hits you with a +1 whip of electrocution!
Unknown command.
Casting: Scorch (safe; 1% risk of failure)
Confirm with . or Enter, or press ? or * to list all spells.
Flames lash the lemure but do no damage.
Pikel says, "Asmodeus and me are pals.
He gave me this whip."
Pikel hits you with a +1 whip of electrocution.
* * * LOW HITPOINT WARNING * * *
Unknown command.
The lemure hits you but does no damage.
Casting: Scorch (safe; 1% risk of failure)
Confirm with . or Enter, or press ? or * to list all spells.
Flames lash the lemure.
The lemure is lightly wounded.
The lemure's fire resistance burns away.
Pikel hits you with a +1 whip of electrocution!
* * * LOW HITPOINT WARNING * * *
You are electrocuted!
You die...

#.# #.# #...###.#
#.###.# #.......#
#.....###...##........
#####>................
#5###..##.#.###### #.#
#..##.#.# #5#
#..##.#.# #K#
#..##.#.# #@# #..##.
.# #.# #?.# #.# ..#
#### ########.# ....
#........# #.#.
#........# #.# #.#.
#........# #.# #.#.
#........# #.# #.#.
#.......## ###.###...


You could see Pikel (combustible) and 2 lemures.

Vanquished Creatures
  A black bear (D:4)
  A jelly (D:4)
  Jessica (D:2)
  A bullfrog skeleton (D:4)
  An iguana (D:5)
  A hound skeleton (D:4)
  7 adders
  An adder skeleton (D:4)
  3 worms
  A dart slug (D:4)
  9 ball pythons
  6 bats
  10 endoplasms
  4 giant cockroaches
  5 goblins
  7 hobgoblins
  4 jackals (D:1)
  5 quokkas
  5 frilled lizards
  8 kobolds
  6 rats
  A spectral orc (D:4)
88 creatures vanquished.

Vanquished Creatures (others)
  281 foxfires
281 creatures vanquished.

Grand Total: 369 creatures vanquished

Notes
Turn   | Place    | Note
-------+----------+-------------------------------------------
     0 | D:1      | Zankyou the Deep Elf Fire Elementalist began the quest for
                  | the Orb.
     0 | D:1      | Reached XP level 1. HP: 10/10 MP: 6/6
   288 | D:1      | Reached XP level 2. HP: 15/15 MP: 5/8
   291 | D:1      | Learned a level 2 spell: Scorch
   802 | D:1      | Found a faded altar of an unknown god.
  1125 | D:1      | Reached XP level 3. HP: 19/19 MP: 8/10
  1129 | D:1      | Learned a level 3 spell: Inner Flame
  1323 | D:2      | Noticed Jessica
  1330 | D:2      | Killed Jessica
  1331 | D:2      | Reached XP level 4. HP: 24/24 MP: 2/11
  1342 | D:2      | Learned a level 4 spell: Flame Wave
  2600 | D:3      | Reached XP level 5. HP: 28/28 MP: 10/13
  2602 | D:3      | Found Juobel's Antique Armour Emporium.
  3412 | D:4      | Found a basalt altar of Yredelemnul.
  3815 | D:4      | Reached skill level 5 in Fire Magic
  3861 | D:4      | Noticed a black bear
  3865 | D:4      | Killed a black bear
  3866 | D:4      | Reached skill level 5 in Spellcasting
  3866 | D:4      | Reached XP level 6. HP: 32/32 MP: 6/15
  3870 | D:4      | Noticed Pikel
  3872 | D:4      | Paralysed by Pikel for 7 turns
  3915 | D:5      | Entered Level 5 of the Dungeon
  4198 | D:4      | Mangled by Pikel

Illustrated notes

Levels and vault maps discovered:
D:1:      dpeg_arrival_simpleton_c, layout_loops_corners,
          shapermc_ecumenical_altar_venn
D:2:      layout_loops_ring, minmay_surrounded, uniq_jessica
D:3:      layout_rooms, serial_shops, nicolae_shop_statue_plus,
          dk_noncrumbling_3, corexii_hall_statues_x
D:4:      layout_loops_ring, yredelemnul_forgotten_temple_becter, minmay_puff,
          uniq_pikel
D:5:      layout_loops_corners, nicolae_overflow_crystal_walls, lightli_minifort

Skill      XL: |  1  2  3  4  5 |
---------------+----------------+-----
Fire Magic     | 4 5 |  5.2
Stealth        | 3 |  3.9
Spellcasting   | 4 5 |  5.3
Dodging        | 3 |  3.9
Conjurations   | 2 |  2.6

Action                   |  1- 3 |  4- 6 || total
-------------------------+-------+-------++-------
Melee: Short sword       |     1 |       ||     1
 Cast: Foxfire           |    49 |   116 ||   165
       Scorch            |     5 |    16 ||    21
       Flame Wave        |       |     1 ||     1
Armor: Robe              |     1 |     7 ||     8
Dodge: Dodged            |     4 |    15 ||    19

Table legend: (Time is in decaauts)
 A = Elapsed time spent in this place.
 B = Non-inter-level travel time spent in this place.
 C = Inter-level travel time spent in this place.
 D = Time resting spent in this place.
 E = Time spent auto-exploring this place.
 F = Levels seen in this place.
 G = Mean time per level.
                   A        B        C        D        E       F      G
               +--------+--------+--------+--------+--------+-----+--------+
         Total |   4196 |   4070 |    126 |    259 |   3130 |   5 |  839.2 |
       Dungeon |   4196 |   4070 |    126 |    259 |   3130 |   5 |  839.2 |
               +--------+--------+--------+--------+--------+-----+--------+

Top non-repeatable levels by time:
     D:2: 1299 daAuts
     D:1: 1295 daAuts
     D:3: 688 daAuts
     D:4: 641 daAuts
     D:5: 271 daAuts
